AoeStats
← edu@rdo

Arabia

503166135Analyzed
1v1 RM · 11d ago on Aug 30, 2026· 38m 35s· 2 players
Game mode
Random Map
Map size
Tiny (2 player)
Population
200
Speed
Normal
Resources
Standard
Victory
Conquest
Starting age
Dark Age
Ending age
Imperial Age
RankedLock teamsTeams togetherTeam positionsShared explorationLock speedFull tech treeHidden civsTurbo modeCheats
Victory
Defeat
🇩🇪 Persians · Germany
1302
+15
🇵🇪 Maya · Peru
1285
-15
edu@rdo
0:30 Loom
0:30 Loom
9:42 Feudal Age
17:42 Fletching
19:58 Padded Archer Armor
23:44 Castle Age
22:08 Double-Bit Axe
24:48 Leather Archer Armor
24:32 Bodkin Arrow
28:39 Eagle Warrior
29:51 Scale Mail Armor
32:35 Forging
ySmplePat_
6:13 Loom
16:10 Feudal Age
16:53 Double-Bit Axe
17:02 Horse Collar
21:10 Scale Barding Armor
21:55 Fletching
31:41 Castle Age
31:39 Bloodlines
32:38 Bodkin Arrow
32:58 Bow Saw
34:19 Wheelbarrow
34:12 Town Watch
Connection lost

Rejoining the realm…

Still unreachable

The connection could not be restored.

Session expired

The server has moved on; the page needs a fresh start.